 Dungeon Crawl Stone Soup version 0.31-a0-819-gf6de2f5ab6 (console) character file.

Game seed: 98658286947634838

1887947 elliptic the Conqueror (level 25, 257/257 HPs)
             Began as a Minotaur Cinder Acolyte on Sept 24, 2023.
             Was a High Priest of Wu Jian.
             Escaped with the Orb
             ... and 3 runes!
             The game lasted 02:50:12 (53511 turns).

elliptic the Conqueror (Minotaur Cinder Acolyte)   Turns: 53511, Time: 02:50:13

Health: 257/257    AC: 59    Str: 44    XL:     25   Next: 81%
Magic:  23/23      EV: 26    Int: 11    God:    Wu Jian [*****.]
Gold:   76         SH:  0    Dex: 14    Spells: 26/26 levels left

rFire   + + .        a - +7 exec axe {flame, rF+ rC+ Str+3, norare}
rCold   + + +        (shield currently unavailable)
rNeg    + . .        m - +14 crystal plate armour {nodragon}
rPois   +            y - +2 hat
rElec   .            p - +2 cloak "Susoug" {rF+ Regen+ Dex+3}
rCorr   .            E - +2 pair of gloves {Dex+3}
SInv    .            L - +0 pair of boots
Will    ++...        d - amulet "Gataock" {rN+ Regen+ Slay+5} Stlth
                     J - ring "Piv Acke" {rC+ Str+7}
HPRegen 2.22/turn    I - ring "Jaxtukuf" {rPois rC+ Str+5}
MPRegen 0.18/turn

%: no passive effects
@: in a heavenly storm, hasted, glowing, studying Summonings, serpent's lash,
very quick
A: horns 2, retaliatory headbutt, iridescent scales 1, deterioration 2,
strong-willed 1, inhibited regeneration
0: Orb of Zot
}: 3/15 runes: decaying, silver, gossamer
a: Renounce Religion, Wall Jump, Serpent's Lash, Heavenly Storm


You escaped.
You worshipped Wu Jian.
Wu Jian was extremely pleased with you.
You visited 11 branches of the dungeon, and saw 51 of its levels.
You visited 1 bazaar.
You also visited: Sewer, Volcano and Wizlab.

You collected 8713 gold pieces.
You spent 8637 gold pieces at shops.


Innate Abilities, Weirdness & Mutations

You have a pair of horns on your head.
You reflexively headbutt those who attack you in melee.
You are partially covered in iridescent scales. (AC +2)
Your body often deteriorates upon taking damage.
You are strong-willed. (Will+)
You do not regenerate when monsters are visible.


   Skills:
 O Level 27 Fighting
 O Level 27 Axes
 - Level 3.6(18.3) Maces & Flails
 O Level 27 Armour
 O Level 27 Dodging
 - Level 1.0 Spellcasting
 - Level 2.1 Fire Magic
 + Level 11.7 Evocations


You had 26 spell levels left.
You didn't know any spells.
Your spell library contained the following spells:

 Spells                   Type           Power      Damage    Failure   Level
 Foxfire                  Conj/Fire      8%         2x1d4     54%         1
 Scorch                   Fire           10%        2d5       54%         2
 Apportation              Tloc           0%         N/A       71%         1
 Freeze                   Ice            0%         1d3       71%         1
 Magic Dart               Conj           0%         1d3       71%         1
 Necrotise                Necr           0%         1d4       71%         1
 Sandblast                Erth           0%         2d4       71%         1
 Shock                    Conj/Air       0%         1d3       71%         1
 Summon Small Mammal      Summ           0%         N/A       71%         1
 Blink                    Tloc           0%         N/A       83%         2
 Call Imp                 Summ           0%         N/A       83%         2
 Cigotuvi's Dreadful Rot  Necr/Pois/Air  0%         N/A       83%         2
 Ensorcelled Hibernation  Hex/Ice        0%         N/A       83%         2
 Jinxbite                 Hex            0%         N/A       83%         2
 Passwall                 Tmut/Erth      0%         N/A       83%         2
 Poisonous Vapours        Pois/Air       0%         N/A       83%         2
 Searing Ray              Conj           0%         2d4       83%         2
 Sublimation of Blood     Necr           0%         N/A       83%         2
 Wereblood                Tmut           0%         N/A       83%         2
 Inner Flame              Hex/Fire       2%         N/A       89%         3
 Call Canine Familiar     Summ           0%         N/A       97%         3
 Frozen Ramparts          Ice            0%         1d1       97%         3
 Hailstorm                Conj/Ice       0%         3d3       97%         3
 Mephitic Cloud           Conj/Pois/Air  0%         N/A       97%         3
 Ozocubu's Armour         Ice            0%         N/A       97%         3
 Stone Arrow              Conj/Erth      0%         3d7       97%         3
 Swiftness                Air            0%         N/A       97%         3
 Airstrike                Air            0%         2d(0-16)  100%        4
 Anguish                  Hex/Necr       0%         N/A       100%        4
 Animate Armour           Summ/Erth      0%         N/A       100%        4
 Animate Dead             Necr           0%         N/A       100%        4
 Brom's Barrelling Bould  Conj/Erth      0%         2d3       100%        4
 Cause Fear               Hex            0%         N/A       100%        4
 Dispel Undead            Necr           0%         3d6       100%        4
 Flame Wave               Conj/Fire      2%         2d4       100%        4
 Fulminant Prism          Conj/Hex       0%         3d5       100%        4
 Leda's Liquefaction      Hex/Erth       0%         N/A       100%        4
 Manifold Assault         Tloc           0%         N/A       100%        4
 Olgreb's Toxic Radiance  Pois           0%         N/A       100%        4
 Sticky Flame             Conj/Fire      2%         2d3       100%        4
 Summon Ice Beast         Ice/Summ       0%         N/A       100%        4
 Vhi's Electric Charge    Tloc/Air       0%         N/A       100%        4
 Arcjolt                  Conj/Air       0%         1d10      100%        5
 Borgnjor's Vile Clutch   Necr/Erth      0%         N/A       100%        5
 Fireball                 Conj/Fire      1%         3d3       100%        5
 Freezing Cloud           Conj/Ice/Air   0%         6-21      100%        5
 Irradiate                Conj/Tmut      0%         3d11      100%        5
 Summon Forest            Summ/Tloc      0%         N/A       100%        5
 Summon Mana Viper        Hex/Summ       0%         N/A       100%        5
 Death Channel            Necr           0%         N/A       100%        6
 Dispersal                Tloc           0%         N/A       100%        6
 Plasma Beam              Fire/Air       1%         2x1d11    100%        6
 Simulacrum               Ice/Necr       0%         N/A       100%        6
 Summon Cactus Giant      Summ           0%         N/A       100%        6
 Enfeeble                 Hex            0%         N/A       100%        7
 Haunt                    Necr/Summ      0%         N/A       100%        7
 Ozocubu's Refrigeration  Ice            0%         4d7       100%        7
 Summon Hydra             Summ           0%         N/A       100%        7
 Borgnjor's Revivificati  Necr           0%         N/A       100%        8
 Discord                  Hex            0%         N/A       100%        8
 Disjunction              Tloc           0%         N/A       100%        8
 Ignition                 Fire           2%         3d3       100%        8
 Infestation              Necr           0%         N/A       100%        8
 Lehudib's Crystal Spear  Conj/Erth      0%         10d2      100%        8
 Maxwell's Capacitive Co  Air            0%         death     100%        8
 Chain Lightning          Conj/Air       0%         N/A       100%        9
 Death's Door             Necr           0%         N/A       100%        9
 Dragon's Call            Summ           0%         N/A       100%        9
 Fire Storm               Conj/Fire      1%         7d1       100%        9
 Polar Vortex             Ice            0%         N/A       100%        9
 Shatter                  Erth           0%         3d5*      100%        9

Inventory:

Hand Weapons
 a - the +7 executioner's axe of Circular Logic (weapon) {flame, rF+ rC+ Str+3, norare}
   (You acquired it on level 1 of the Dungeon)

   Str+3:     It affects your strength (+3).
   rF+:       It protects you from fire.
   rC+:       It protects you from cold.
 b - a +9 vampiric battleaxe
 Q - a +1 heavy executioner's axe
Missiles
 w - 5 throwing nets
 K - 10 curare-tipped darts (quivered)
Armour
 m - a +14 crystal plate armour (worn) {nodragon}
 p - the +2 cloak "Susoug" (worn) {rF+ Regen+ Dex+3}
   (You found it in a wizard's laboratory)

   Dex+3:     It affects your dexterity (+3).
   rF+:       It protects you from fire.
   Regen+:    It increases your rate of health regeneration.
 y - a +2 hat (worn)
 B - the +7 storm dragon scales "Jafra" {rElec rC++ Will++}
   (You found it on level 5 of the Vaults)

   rC++:      It greatly protects you from cold.
   rElec:     It insulates you from electricity.
   Will++:    It greatly increases your willpower.
 E - a +2 pair of gloves of dexterity (worn)
 L - a +0 pair of boots (worn)
Jewellery
 d - the amulet "Gataock" (around neck) {rN+ Regen+ Slay+5}
   (You acquired it in a bazaar)

   [amulet of regeneration]

   Slay+5:    It affects your accuracy & damage with ranged weapons and melee
   (+5).
   rN+:       It protects you from negative energy.
   Regen+:    It increases your rate of health regeneration.
 h - a ring of protection from fire
 k - the amulet of Letred {Faith rN+ Regen+ Str+3}
   (You found it on level 5 of the Vaults)

   [amulet of faith]

   Faith:     It allows you to gain divine favour quickly.
   Str+3:     It affects your strength (+3).
   rN+:       It protects you from negative energy.
   Regen+:    It increases your rate of health regeneration.
 C - a ring of flight
 F - a ring of resist corrosion
 I - the ring "Jaxtukuf" (right hand) {rPois rC+ Str+5}
   (You found it on level 3 of the Elven Halls)

   [ring of protection from cold]

   Str+5:     It affects your strength (+5).
   rC+:       It protects you from cold.
   rPois:     It protects you from poison
 J - the ring "Piv Acke" (left hand) {rC+ Str+7}
   (You found it in a wizard's laboratory)

   [ring of protection from cold]

   Str+7:     It affects your strength (+7).
   rC+:       It protects you from cold.
 T - a ring of see invisible
 U - a ring of willpower
 X - a ring of fire
 Y - the ring of Seuskop {rElec rN+ Int+3}
   (You found it on level 3 of the Crypt)

   [ring of positive energy]

   Int+3:     It affects your intelligence (+3).
   rElec:     It insulates you from electricity.
   rN+:       It protects you from negative energy.
 Z - a +6 ring of strength
Wands
 i - a wand of acid (43)
 D - a wand of paralysis (41)
 H - a wand of roots (36)
 W - a wand of digging (18)
Scrolls
 c - 5 scrolls of blinking
 j - 23 scrolls of teleportation
 l - 16 scrolls of fog
 q - 8 scrolls of fear
 t - a scroll of revelation
 A - 8 scrolls of vulnerability
 G - 12 scrolls of poison
 M - a scroll of enchant weapon
 N - 4 scrolls of summoning
 S - 4 scrolls of silence {!r}
Potions
 e - 2 potions of brilliance
 f - 15 potions of curing
 n - 5 potions of magic
 o - 12 potions of might
 r - 6 potions of berserk rage {!q}
 s - 10 potions of attraction
 u - 13 potions of heal wounds
 v - 3 potions of mutation {!q}
 x - 10 potions of enlightenment
 z - 14 potions of haste
 O - 4 potions of resistance
 P - 2 potions of cancellation
 R - 6 potions of ambrosia
 V - a potion of invisibility
Miscellaneous
 g - a lightning rod (4/4)


Message History

You climb upwards.
There is a stone staircase leading down here.
Unknown command.
A hellion comes into view.
You lunge at the hellion.
You slice the hellion!! You burn the hellion.
You headbutt the hellion, but do no damage.
The hellion is severely wounded.
The hellion barely misses you.
You chop the hellion into pieces!!! You burn the hellion.
You kill the hellion!
The Council accepts your kill.
There is a stone staircase leading up here.
You climb upwards.
There is a stone staircase leading down here.
You see here a +0 plate armour.
There is a stone staircase leading up here.
You climb upwards.
There is a stone staircase leading down here.
There is a stone staircase leading up here.
You climb upwards.
There is a stone staircase leading down here.
There is a stone staircase leading up here.
You climb upwards.
There is a stone staircase leading down here.
There is a stone staircase leading up here.
You climb upwards.
There is a stone staircase leading down here.
There is an escape hatch in the ceiling here.
A mysterious force pulls you upwards. The hatch slams shut behind you.
There is a stone staircase leading up here.
You feel yourself speed up.
You climb upwards.
There is a stone staircase leading down here.
You see here a +0 club.
There is a staircase leading out of the dungeon here.
The air is filled with shimmering golden clouds!
Sifu Yunchang says: The storm will not cease as long as you keep fighting, disciple!
Your muscles tense, ready for explosive movement...
Okay, then.
You have escaped!

.##..#.##########....####.#
....##..#.#...#.###.##..#.##
........#...#.#...#..#.##..#
.######.#####.###.##.#..##.###
.#####...#....#....#.##.#....#
#...##.....##.#..#......#....#
.........###..#¤¤########....#
.........#...###¤#¤..#..#....#
......#.##.#..¤¤@¤¤..#.##.%..#
........#..#..¤#¤###...##....#
........########¤¤#..###.....#
#...#.#.#......#..#.##.......#
####....#.##.#....#....#.....#
###..#.##..#.##.###.#####....###
#...#..###.#..#...#.#...#......#
#.##..###..##.###.#...#.#>.....#
#.##.#######....#########......#


There were no monsters in sight!

Vanquished Creatures
  2 dread liches
  An ancient lich (Vaults:5)
  4 orbs of fire (Zot:5)
  Sojobo (Depths:2)
  3 juggernauts (Depths:1)
  Josephina (Depths:2)
  Frederick (Depths:3)
  Boris (twice) (Crypt:2 Crypt:3)
  Bai Suzhen (Swamp:4)
  Margery (Crypt:1)
  Saint Roka (Vaults:3)
  4 golden dragons (Zot:5)
  Jory (Crypt:1)
  A Hellbinder (WizLab)
  Norris (Elf:2)
  2 bone dragons (Depths:4)
  Nikola (Elf:2)
  Arachne (Spider:4)
  A deep elf blademaster (Elf:3)
  7 tentacled monstrosities
  A walking divine tome (Depths:3)
  7 titans (Vaults:5)
  16 Orb Guardians
  2 deep elf master archers (Elf:3)
  6 liches
  3 quicksilver dragons
  8 ancient champions
  6 sphinxes (Vaults:5)
  The ghost of Lusaduv the Executioner, an adept MiBe of Trog (Swamp:3)
  2 thorn hunters
  4 shadow dragons
  10 storm dragons
  12 tengu reavers
  7 revenants
  A draconian monk (Zot:5)
  Aizul (Vaults:4)
  12 frost giants
  11 fire giants
  4 draconian knights
  2 draconian scorchers
  8 deep elf sorcerers
  16 vault wardens
  2 draconian shifters (Zot:1)
  4 emperor scorpions
  A balrug (WizLab)
  An iron dragon (Depths:4)
  3 curse skulls
  7 ghost moths
  4 hydra skeletons
  A spectral juggernaut (Crypt:3)
  A cacodemon (WizLab)
  A spriggan defender (Depths:2)
  5 deep elf elementalists (Elf:3)
  4 ghouls
  A reaper (Crypt:3)
  4 orc warlords
  6 very ugly things
  9 ironbound thunderhulks
  22 ironbound preservers
  17 stone giants
  3 war gargoyles (Vaults:5)
  2 broodmothers
  5 formless jellyfish
  A caustic shrike skeleton (Crypt:2)
  A green draconian (Zot:1)
  12 deep elf demonologists
  2 lorocyprocas (WizLab)
  4 eleionomae
  4 yellow draconians
  5 vampire knights
  A demonspawn black sun (WizLab)
  2 white draconians (Zot:1)
  3 bunyips
  7 deep elf annihilators (Elf:3)
  6 black draconians
  13 dire elephants
  4 purple draconians
  10 spark wasps
  6 red draconians
  13 ettins
  2 blizzard demons (WizLab)
  2 crystal guardians (Vaults:4)
  6 eidola
  12 deep elf death magi
  An iron golem (Depths:1)
  The ghost of Tonberry the Destroyer, a journeyman DgCj (Orc:2)
  5 entropy weavers
  9 fire dragons
  5 shambling mangroves
  8 deep elf high priests
  An entropy weaver (shapeshifter) (D:15)
  A quicksilver dragon zombie (Crypt:3)
  7 great orbs of eyes
  13 yaktaur captains
  4 rakshasas
  A peacekeeper (Vaults:4)
  A spectral spriggan (Crypt:3)
  11 ice dragons
  26 hydras
  16 jiangshi
  The ghost of Peulonen the Impaler, a journeyman TeDe of Hepliaklqana (Lair:4)
  7 ironbound frosthearts
  31 vault guards
  2 catoblepae
  A caustic shrike simulacrum (Depths:1)
  7 ogre magi
  3 radroaches
  A juggernaut simulacrum (Depths:2)
  A hell beast (WizLab)
  2 spriggan air magi
  A ghost crab (Swamp:1)
  9 alligators
  14 centaur warriors
  An anaconda (shapeshifter) (Vaults:5)
  29 dancing weapons
  3 death knights
  10 boulder beetles
  A spriggan skeleton (Crypt:1)
  A fenstrider witch skeleton (Crypt:1)
  24 two-headed ogres
  5 vampire magi
  6 deep troll earth magi
  4 jorogumos
  10 tengu warriors
  3 orc high priests
  7 deep troll shamans
  3 spriggan berserkers
  Urug (Orc:2)
  7 demonic crawlers
  19 hell knights
  2 sun demons (WizLab)
  34 deep elf knights
  An iron troll (shapeshifter) (Vaults:5)
  28 skeletal warriors
  Nergalle (Lair:2)
  3 soul eaters
  A storm dragon zombie (Crypt:2)
  11 shadow wraiths
  4 pharaoh ants (Spider:3)
  A salamander mystic (Depths:4)
  4 skysharks (Elf:2)
  6 iron trolls
  4 sixfirhies (WizLab)
  A glowing orange brain (shapeshifter) (Vaults:5)
  7 goliath frogs
  An anaconda zombie (Crypt:2)
  A death drake (shapeshifter) (Elf:1)
  8 flayed ghosts
  2 sun moths
  3 glowing orange brains
  10 orb spiders
  6 spriggan druids
  A spark wasp zombie (D:15)
  A bunyip zombie (Crypt:2)
  8 swamp dragons
  2 steelbarb worms (Spider:2)
  14 deep elf archers
  6 bog bodies
  67 deep trolls
  An obsidian statue (Vaults:1)
  7 necromancers
  7 orc knights
  6 lindwurms
  9 ironbound convokers
  A bunyip skeleton (Crypt:2)
  3 spectral hydras (Swamp:4)
  3 anaconda skeletons
  A harpy (shapeshifter) (Elf:2)
  5 harpies (Vaults:3)
  29 deep elf zephyrmancers
  23 phantasmal warriors
  3 wizards
  27 deep elf pyromancers
  A spectral ettin (Crypt:3)
  5 oklob plants
  3 will-o-the-wisps
  28 wolf spiders
  A wolf spider (shapeshifter) (Vaults:5)
  2 iron dragon zombies (Crypt:2)
  3 salamanders (Depths:4)
  5 manticores
  12 moths of wrath
  6 orc sorcerers
  9 cyclopes
  14 ugly things
  8 elephants
  A dire elephant zombie (Crypt:2)
  A stone giant skeleton (D:15)
  A moth of wrath (shapeshifter) (Vaults:5)
  2 fire giant zombies
  33 slime creatures
  A torpor snail (shapeshifter) (Vaults:5)
  A guardian serpent (shapeshifter) (D:15)
  4 black mambas
  2 smoke demons (WizLab)
  16 vault sentinels
  2 molten gargoyles (Volcano)
  2 rust devils (WizLab)
  4 cane toads
  2 orange demons (WizLab)
  7 torpor snails
  An unseen horror (shapeshifter) (D:13)
  A storm dragon simulacrum (Depths:2)
  A gargoyle (D:11)
  A dire elephant skeleton (Crypt:2)
  3 unseen horrors
  A naga skeleton (Crypt:2)
  14 yaktaurs
  4 hellions
  6 rime drakes
  A tormentor (WizLab)
  A kobold demonologist (D:13)
  An alligator snapping turtle skeleton (Crypt:2)
  A death yak zombie (Crypt:3)
  12 freezing wraiths
  9 komodo dragons
  4 tengu conjurers
  A pale draconian zombie (Crypt:3)
  2 spectral harpies (Crypt:3)
  A hydra zombie (Crypt:2)
  4 trolls
  2 red devils (WizLab)
  A hellwing (WizLab)
  3 harpy zombies
  5 meliai
  An iron troll skeleton (Crypt:2)
  4 polar bears
  A wind drake (shapeshifter) (Elf:2)
  A hornet (shapeshifter) (Elf:1)
  9 tyrant leeches
  16 blink frogs
  A harpy skeleton (Crypt:1)
  2 iron dragon simulacra
  6 death drake zombies
  31 hornets
  22 tarantellas
  4 spriggan zombies
  A mana viper skeleton (Crypt:2)
  2 stone giant simulacra
  A jumping spider zombie (Crypt:2)
  13 flying skulls
  An air elemental (Elf:1)
  An ice dragon skeleton (Crypt:1)
  10 culicivoras
  A guardian serpent skeleton (Crypt:1)
  A spriggan (shapeshifter) (D:14)
  A fire giant simulacrum (Depths:2)
  20 spriggans
  10 wraiths
  20 jumping spiders
  10 shadows
  4 wyverns
  65 yaks
  4 vampires
  A yak (shapeshifter) (D:13)
  3 water elementals
  2 basilisks
  A black mamba skeleton (Crypt:1)
  A slime creature zombie (Crypt:1)
  A basilisk (shapeshifter) (Elf:1)
  A human (Lair:3)
  A tyrant leech zombie (Crypt:2)
  6 fire bats
  A chaos spawn (WizLab)
  19 vampire mosquitoes
  A steam dragon (Lair:5)
  21 fire elementals
  2 neqoxecs (WizLab)
  41 redbacks
  A glowing shapeshifter zombie (Depths:1)
  14 swamp worms
  A harpy simulacrum (Crypt:1)
  An acid dragon (D:12)
  4 wargs
  12 water moccasins
  A demonspawn skeleton (Crypt:1)
  A naga zombie (Crypt:1)
  7 hell hounds (D:11)
  3 hydra simulacra (Swamp:4)
  3 swamp dragon zombies (Swamp:4)
  A hornet zombie (D:5)
  6 ice beasts
  30 orc warriors
  A deep troll skeleton (Crypt:3)
  A sky beast (D:6)
  7 swamp drakes
  2 black bears
  An ettin simulacrum (Depths:1)
  A wolf (D:8)
  2 boggarts
  13 centaurs
  9 ogres
  A phantom (D:5)
  2 swamp dragon skeletons (Swamp:4)
  3 kobold brigands
  A blink frog skeleton (Crypt:1)
  4 earth elementals
  2 gnoll sergeants
  12 bullfrogs
  A cyclops zombie (Crypt:2)
  2 scorpions
  A draconian skeleton (Crypt:2)
  5 wights (D:6)
  A raiju zombie (Crypt:3)
  13 killer bees
  A yak skeleton (Crypt:3)
  3 electric eels
  10 howler monkeys
  4 centaur zombies
  5 lava snakes (Volcano)
  6 hounds
  Crazy Yiuf (D:6)
  A bullfrog zombie (D:5)
  2 bullfrog skeletons (D:5)
  2 jellies
  26 orc priests
  3 sleepcaps
  A gnoll bouda (D:7)
  7 iguanas
  25 orc wizards
  A killer bee zombie (D:5)
  An ogre zombie (Crypt:3)
  An ogre skeleton (Crypt:2)
  16 adders
  21 gnolls
  4 river rats (Sewer)
  A steam dragon skeleton (Crypt:1)
  A shadow imp (D:8)
  3 white imps
  An ufetubus (D:6)
  An adder skeleton (Crypt:1)
  2 worms
  A dart slug (D:5)
  67 orcs
  11 bats
  8 endoplasms
  3 giant cockroaches
  8 goblins
  9 hobgoblins
  8 jackals
  6 quokkas
  15 ball pythons
  6 frilled lizards
  12 kobolds
  An orc skeleton (Crypt:1)
  8 rats
2187 creatures vanquished.

Vanquished Creatures (others)
  A deep elf death mage (Vaults:5)
  An ettin (Vaults:5)
  An alligator (Swamp:1)
  A water elemental (Elf:2)
  An orc priest (Elf:1)
  22 foxfires
27 creatures vanquished.

Grand Total: 2214 creatures vanquished

Notes
Turn   | Place    | Note
-------+----------+-------------------------------------------
     0 | D:1      | elliptic the Minotaur Cinder Acolyte began the quest for
                  | the Orb.
     0 | D:1      | Reached XP level 1. HP: 19/19 MP: 1/1
   206 | D:1      | Reached XP level 2. HP: 28/28 MP: 2/2
   437 | D:1      | Found Caussu's Distillery.
   657 | D:2      | Found a faded altar of an unknown god.
   777 | D:2      | Reached skill level 1 in Axes
   777 | D:2      | Reached XP level 3. HP: 35/35 MP: 3/3
   901 | D:1      | Acquired the +7 executioner's axe of Circular Logic {flame,
                  | rF+ rC+ Str+3}
   906 | D:1      | Bought a potion of curing for 36 gold pieces
   975 | D:2      | Found Lielloro's Weapon Boutique.
  1725 | D:3      | Reached skill level 1 in Armour
  1771 | D:3      | Reached XP level 4. HP: 40/41 MP: 4/4
  2145 | D:3      | Found a glowing silver altar of Zin.
  2237 | D:3      | Reached skill level 3 in Armour
  2512 | D:4      | Found a glowing drain.
  2540 | D:4      | Reached skill level 3 in Axes
  2540 | D:4      | Reached XP level 5. HP: 47/47 MP: 5/5
  2569 | Sewer    | Entered a sewer
  3030 | Sewer    | Reached XP level 6. HP: 55/55 MP: 6/6
  3348 | D:1      | Bought a potion of heal wounds for 60 gold pieces
  3550 | D:4      | Reached skill level 6 in Axes
  3665 | D:4      | Reached XP level 7. HP: 60/60 MP: 7/7
  4060 | D:5      | Entered Level 5 of the Dungeon
  4078 | D:5      | Identified the amulet of Qoupytz {Faith SInv}
  4177 | D:5      | Found a staircase to the Ecumenical Temple.
  4274 | D:5      | Reached XP level 8. HP: 67/67 MP: 8/8
  4287 | D:5      | Reached skill level 9 in Axes
  4720 | D:5      | Reached skill level 9 in Armour
  4737 | D:5      | Found a snail-covered altar of Cheibriados.
  4912 | D:6      | Reached skill level 6 in Fighting
  5083 | D:6      | Reached skill level 1 in Dodging
  5109 | D:6      | Reached skill level 3 in Dodging
  5170 | D:6      | Reached XP level 9. HP: 75/75 MP: 9/9
  5404 | D:6      | Found a runed translucent door.
  5405 | D:6      | Noticed Crazy Yiuf
  5623 | D:6      | Killed Crazy Yiuf
  5677 | D:7      | Found a hazy altar of Hepliaklqana.
  5684 | D:7      | Found a stormy altar of Qazlal.
  5711 | D:7      | Noticed a troll
  5721 | D:7      | Killed a troll
  5778 | D:7      | Found an ornate altar of the Wu Jian Council.
  6078 | D:7      | Reached skill level 12 in Axes
  6118 | D:7      | Found a glowing golden altar of the Shining One.
  6456 | D:8      | Found Bezyan's Assorted Antiques.
  6467 | D:8      | Bought a scroll labelled ILUAJ ZOOR for 20 gold pieces
  6473 | D:8      | Reached skill level 12 in Armour
  6643 | D:8      | Noticed a rime drake
  6645 | D:8      | Noticed a polar bear
  6653 | D:8      | Killed a rime drake
  6654 | D:8      | Reached XP level 10. HP: 42/86 MP: 10/10
  6948 | D:8      | Found Kopes's Antique Armour Boutique.
  7023 | D:8      | Found a staircase to the Lair.
  7324 | D:8      | Found a sacrificial altar of Ru.
  7390 | D:8      | Found Rissunom's Specific Store.
  7392 | D:8      | Found Jefim's General Store.
  7398 | D:8      | Bought a scroll of teleportation for 39 gold pieces
  7424 | D:8      | Found Axkucs's Magic Scroll Boutique.
  7437 | D:8      | Bought a scroll of teleportation for 45 gold pieces
  7437 | D:8      | Bought a scroll of blinking for 112 gold pieces
  7437 | D:8      | Bought a scroll of teleportation for 45 gold pieces
  7465 | D:8      | Found Jinuajyk's Assorted Antiques.
  7468 | D:8      | Bought an inky potion for 29 gold pieces
  7538 | D:8      | Found Busmug's Distillery.
  7548 | D:8      | Bought a potion of heal wounds for 65 gold pieces
  7548 | D:8      | Bought a potion of heal wounds for 65 gold pieces
  7570 | D:8      | Found a shimmering altar of Xom.
  7648 | D:8      | Found a radiant altar of Vehumet.
  8114 | D:9      | Found a shadowy altar of Dithmenos.
  8425 | D:9      | Identified the +5 hand axe of Baleful Indomitability
                  | {venom, *Slow rC- rCorr Str+7}
  9168 | D:10     | Entered Level 10 of the Dungeon
  9416 | D:10     | Found a broken altar of Ashenzari.
  9505 | D:10     | Reached skill level 15 in Axes
  9568 | D:10     | Reached XP level 11. HP: 81/94 MP: 11/11
  9623 | D:10     | Noticed a two-headed ogre
  9629 | D:10     | Killed a two-headed ogre
  9658 | D:10     | Reached skill level 9 in Fighting
  9894 | D:10     | Found a shimmering blue altar of Sif Muna.
  9950 | D:11     | Reached skill level 15 in Armour
 10180 | D:11     | Found a staircase to the Orcish Mines.
 10297 | D:11     | hi
 10299 | D:11     | I don't think that's an unrand?
 10299 | D:11     | yeah
 10635 | D:11     | Noticed a brown ugly thing
 10635 | D:11     | Noticed a boulder beetle
 10643 | D:11     | Killed a brown ugly thing
 10646 | D:11     | Killed a boulder beetle
 10962 | D:12     | Noticed a cyan ugly thing
 10976 | D:12     | Found Koqodag's Antique Armour Emporium.
 10985 | D:11     | Killed a cyan ugly thing
 11151 | D:12     | Noticed a two-headed ogre
 11157 | D:12     | Killed a two-headed ogre
 11158 | D:12     | Reached XP level 12. HP: 107/107 MP: 12/12
 11169 | D:12     | Noticed a two-headed ogre
 11172 | D:12     | Noticed a boulder beetle
 11175 | D:12     | Killed a two-headed ogre
 11186 | D:12     | Noticed a boulder beetle
 11189 | D:12     | Killed a boulder beetle
 11632 | D:12     | Killed a boulder beetle
 11633 | D:12     | Reached skill level 18 in Axes
 11951 | Temple   | Entered the Ecumenical Temple
 12046 | Lair:1   | Entered Level 1 of the Lair of Beasts
 12062 | Lair:1   | Noticed a boulder beetle
 12088 | Lair:1   | Killed a boulder beetle
 12724 | Lair:2   | Noticed Nergalle
 12725 | Lair:2   | what why
 12735 | Lair:2   | Killed Nergalle
 13034 | Lair:2   | Found a hole to the Spider Nest.
 13093 | Lair:2   | Found a staircase to the Swamp.
 13258 | Lair:2   | Reached XP level 13. HP: 97/116 MP: 13/13
 13899 | Lair:5   | Entered Level 5 of the Lair of Beasts
 13939 | Lair:5   | Reached skill level 12 in Fighting
 13954 | Lair:5   | Reached skill level 6 in Dodging
 14208 | Lair:3   | Noticed Sonja
 14211 | Lair:3   | Sonja changed into Sonja the human
 14211 | Lair:3   | Noticed Sonja
 14215 | Lair:3   | Killed Sonja the human
 14822 | Lair:4   | Reached skill level 21 in Axes
 14885 | Lair:4   | Found a runed translucent door.
 14886 | Lair:4   | Found a staircase to the Slime Pits.
 14888 | Lair:4   | hm
 15043 | D:7      | Fell from the grace of Ignis
 15043 | D:7      | Became a worshipper of the Wu Jian Council
 15699 | Lair:4   | Found a runed translucent door.
 15832 | Lair:4   | Noticed Peulonen's ghost (journeyman TeDe)
 15838 | Lair:4   | Killed Peulonen's ghost
 16093 | Lair:5   | Reached * piety under Wu Jian
 16270 | Lair:5   | Reached XP level 14. HP: 129/129 MP: 14/14
 16613 | Lair:5   | Found a runed translucent door.
 16652 | Lair:5   | Paralysed by a hornet for 3 turns
 16982 | Lair:5   | Was forgiven by Ignis
 17011 | Lair:5   | Reached ** piety under Wu Jian
 17827 | Orc:1    | Entered Level 1 of the Orcish Mines
 18201 | Orc:1    | Noticed Maurice
 18203 | Orc:1    | Maurice changed into Maurice the kobold
 18203 | Orc:1    | Noticed Maurice
 18206 | Orc:1    | Killed Maurice the kobold
 18274 | Orc:2    | Entered Level 2 of the Orcish Mines
 18283 | Orc:2    | Reached *** piety under Wu Jian
 18285 | Orc:2    | Found a dark tunnel.
 18298 | Volcano  | Entered a volcano
 18478 | Volcano  | Found a burning altar of Makhleb.
 18511 | Volcano  | Reached skill level 24 in Axes
 18705 | Orc:2    | Found Xezeaguo's Gadget Gallery.
 18759 | Orc:2    | Noticed an orc warlord
 18767 | Orc:2    | Noticed Tonberry's ghost (journeyman DgCj)
 18770 | Orc:2    | Found a bloodstained altar of Trog.
 18786 | Orc:2    | Found a transporter.
 18789 | Orc:2    | Found a transporter.
 18834 | Orc:2    | Noticed an orc warlord
 18842 | Orc:2    | Noticed Urug
 18844 | Orc:2    | Reached **** piety under Wu Jian
 18845 | Orc:2    | Killed an orc warlord
 18851 | Orc:2    | Killed Urug
 19039 | Orc:2    | Found a staircase to the Elven Halls.
 19085 | Orc:2    | Found Yqemets's Antique Armour Shop.
 19177 | Orc:2    | Found Piegiz's Book Shop.
 19192 | Orc:2    | Found Acryli's Antique Weapon Shop.
 19208 | Orc:2    | Found Nitry's General Store.
 19633 | D:11     | Reached skill level 15 in Fighting
 19832 | D:13     | Reached ***** piety under Wu Jian
 19834 | D:13     | Reached XP level 15. HP: 106/143 MP: 15/15
 21044 | D:14     | Found a gate to the Vaults.
 21175 | D:14     | Reached skill level 18 in Fighting
 21769 | D:15     | Entered Level 15 of the Dungeon
 22240 | D:15     | Found a staircase to the Depths.
 22635 | Spider:1 | Entered Level 1 of the Spider Nest
 23813 | Spider:2 | Paralysed by a jorogumo for 1 turns
 23839 | Spider:2 | Reached XP level 16. HP: 134/162 MP: 0/16
 24022 | Spider:2 | uhhh
 24452 | Spider:2 | Reached ****** piety under Wu Jian
 24588 | Spider:2 | Got a vellum book
 25675 | Spider:3 | Acquired 920 gold pieces
 25779 | D:8      | Bought polished shadow dragon scales for 2805 gold pieces
 25779 | D:8      | Identified the +0 shadow dragon scales of the Thistle
                  | {rElec rPois Str+3 Dex-4 Stlth++++} (You bought it in a
                  | shop on level 8 of the Dungeon)
 25779 | D:8      | :(
 25791 | D:8      | I guess
 26352 | Spider:4 | Entered Level 4 of the Spider Nest
 26492 | Spider:4 | Reached skill level 21 in Fighting
 27055 | Spider:4 | Noticed Louise
 27143 | Spider:4 | Noticed Arachne
 27144 | Spider:4 | hi
 27149 | Spider:4 | Killed Arachne
 27428 | Spider:4 | Got a gossamer rune of Zot
 27468 | Spider:4 | Reached XP level 17. HP: 176/176 MP: 13/17
 27490 | Spider:4 | Reached skill level 18 in Armour
 27537 | Spider:4 | Gained mutation: Your magical capacity is low. (-10% MP)
                  | [potion of mutation]
 27537 | Spider:4 | Gained mutation: Armour fits poorly on your strangely
                  | shaped body. [potion of mutation]
 27538 | Spider:4 | Lost mutation: Your magical capacity is low. (-10% MP)
                  | [potion of mutation]
 27538 | Spider:4 | Lost mutation: Armour fits poorly on your strangely shaped
                  | body. [potion of mutation]
 27538 | Spider:4 | Gained mutation: Your spells are a little easier to cast,
                  | but a little less powerful. [potion of mutation]
 27538 | Spider:4 | Gained mutation: You occasionally lose the ability to drink
                  | potions when taking damage. [potion of mutation]
 27538 | Spider:4 | Gained mutation: Your magical capacity is low. (-10% MP)
                  | [potion of mutation]
 27539 | Spider:4 | Lost mutation: You occasionally lose the ability to drink
                  | potions when taking damage. [potion of mutation]
 27539 | Spider:4 | Lost mutation: Your magical capacity is low. (-10% MP)
                  | [potion of mutation]
 27539 | Spider:4 | Lost mutation: Your spells are a little easier to cast, but
                  | a little less powerful. [potion of mutation]
 27539 | Spider:4 | Gained mutation: You have hidden genetic potential. [potion
                  | of mutation]
 27539 | Spider:4 | Gained mutation: You occasionally lose the ability to read
                  | scrolls when taking damage. [potion of mutation]
 27540 | Spider:4 | meh
 27629 | Spider:4 | Got a curling book
 27953 | Swamp:1  | Entered Level 1 of the Swamp
 28223 | Swamp:1  | Identified the +7 war axe of Buip {vamp, Dex+4}
 29125 | Swamp:2  | Reached skill level 24 in Fighting
 29235 | Swamp:3  | Noticed a tentacled monstrosity
 29368 | Swamp:3  | Found a runed translucent gate.
 29379 | Swamp:3  | Noticed Lusaduv's ghost (adept MiBe)
 29380 | Swamp:3  | Found a runed translucent gate.
 29380 | Swamp:3  | Found a runed translucent gate.
 29532 | Swamp:3  | Killed a tentacled monstrosity
 30148 | Swamp:3  | Killed Lusaduv's ghost
 30159 | Swamp:3  | Identified the +6 broad axe "Vashozih" {pain, Str-3 Dex+7}
 30187 | Swamp:4  | Entered Level 4 of the Swamp
 30188 | Swamp:4  | Noticed Bai Suzhen
 30291 | Swamp:4  | Reached XP level 18. HP: 190/190 MP: 18/18
 30417 | Swamp:4  | Gained mutation: Your muscles are strong. (Str +4, Int/Dex
                  | -1) [hidden potential]
 30418 | Swamp:4  | Killed Bai Suzhen
 30754 | Swamp:4  | Found a basalt altar of Yredelemnul.
 30792 | Swamp:4  | Found a blossoming altar of Fedhas.
 30996 | Swamp:4  | Got a decaying rune of Zot
 31535 | Orc:2    | Killed Tonberry's ghost
 31542 | Orc:2    | Got an exquisite book
 31636 | Elf:1    | Entered Level 1 of the Elven Halls
 32423 | Elf:1    | Identified the +2 robe of Leapfrog {rC+ Str+3 Int-3 Dex+3}
 32651 | D:12     | Bought a faintly glowing plate armour for 784 gold pieces
 32651 | D:12     | Identified the +0 plate armour "Pecata" {Will+} (You bought
                  | it in a shop on level 12 of the Dungeon)
 32651 | D:12     | :(
 33103 | Elf:1    | Found a runed translucent gate.
 33103 | Elf:1    | Found a runed translucent gate.
 33103 | Elf:1    | Found a runed translucent gate.
 33103 | Elf:1    | Found a runed translucent gate.
 33103 | Elf:1    | Found a runed translucent gate.
 33104 | Elf:1    | Found a runed translucent gate.
 33113 | Elf:1    | Reached skill level 27 in Fighting
 33301 | Elf:1    | Reached XP level 19. HP: 203/206 MP: 19/19
 33379 | Elf:1    | eh
 33379 | Elf:1    | Lost mutation: You occasionally lose the ability to read
                  | scrolls when taking damage. [potion of mutation]
 33379 | Elf:1    | Lost mutation: You have hidden genetic potential. [potion
                  | of mutation]
 33379 | Elf:1    | Lost mutation: Your muscles are strong. (Str +4, Int/Dex
                  | -1) [potion of mutation]
 33379 | Elf:1    | Gained mutation: Your mind is acute. (Int +4, Str/Dex -1)
                  | [potion of mutation]
 33379 | Elf:1    | Gained mutation: You are weak. (Str -2) [potion of
                  | mutation]
 33380 | Elf:1    | meh
 33634 | Elf:2    | Noticed Nikola
 33643 | Elf:2    | Killed Nikola
 33668 | Elf:2    | Found Rutexupn's General Store.
 33912 | Elf:2    | Reached skill level 21 in Armour
 33932 | Elf:2    | Noticed Norris
 33963 | Elf:2    | Killed Norris
 34103 | Elf:2    | Found a runed translucent gate.
 34103 | Elf:2    | Found a runed translucent gate.
 34107 | Elf:2    | Found a runed translucent gate.
 35040 | Elf:3    | Entered Level 3 of the Elven Halls
 35109 | Elf:3    | hm
 36079 | Elf:3    | hm
 36232 | Orc:2    | Bought a scroll of brand weapon for 152 gold pieces
 36376 | Vaults:1 | Entered Level 1 of the Vaults
 37063 | Vaults:1 | Reached skill level 24 in Armour
 37492 | Vaults:1 | Reached XP level 20. HP: 179/216 MP: 20/20
 37601 | Vaults:1 | Identified the +7 whip of Cheibriados's Approval {venom,
                  | rC+}
 37805 | Vaults:2 | Found a magical portal.
 37817 | WizLab   | Entered The Hall of the Hellbinder
 37892 | WizLab   | Noticed Yvvok
 37893 | WizLab   | Found a burning altar of Makhleb.
 37894 | WizLab   | Gained mutation: You occasionally lose the ability to read
                  | scrolls when taking damage. [a cacodemon]
 37895 | WizLab   | sigh
 37898 | WizLab   | Killed Yvvok the Hellbinder
 37951 | WizLab   | Lost mutation: You are weak. (Str -2) [potion of mutation]
 37951 | WizLab   | Lost mutation: Your mind is acute. (Int +4, Str/Dex -1)
                  | [potion of mutation]
 37951 | WizLab   | Lost mutation: You occasionally lose the ability to read
                  | scrolls when taking damage. [potion of mutation]
 37951 | WizLab   | Gained mutation: Your body sometimes deteriorates upon
                  | taking damage. [potion of mutation]
 37951 | WizLab   | Gained mutation: Your spells are a little harder to cast,
                  | but a little more powerful. [potion of mutation]
 37952 | WizLab   | fine
 38022 | WizLab   | Got a resplendent book
 38049 | WizLab   | Identified the ring "Piv Acke" {rC+ Str+7}
 38059 | WizLab   | Identified the +2 cloak "Susoug" {rF+ Regen+ Dex+3}
 38440 | Vaults:3 | Found a staircase to the Crypt.
 38754 | Vaults:3 | Noticed Saint Roka
 38769 | Vaults:3 | Killed Saint Roka
 38991 | Vaults:3 | Identified the +1 robe of Existentialism {Harm rF- Dex+2
                  | Stlth+}
 40382 | Vaults:4 | Found a flickering gateway to a bazaar.
 40400 | Bazaar   | Entered a bazaar
 40414 | Bazaar   | Found Zoofrylo's Jewellery Shoppe.
 40414 | Bazaar   | Found Onoat's Magic Scroll Emporium.
 40436 | Bazaar   | Found Ybrublaebb's Assorted Antiques.
 40452 | Bazaar   | Found Luyfiwod's Weapon Shoppe.
 40517 | Bazaar   | Bought a scroll of acquirement for 416 gold pieces
 40517 | Bazaar   | Acquired the amulet "Gataock" {rN+ Regen+ Slay+5}
 40552 | Bazaar   | Bought a scroll of teleportation for 72 gold pieces
 40800 | Vaults:4 | Reached skill level 27 in Armour
 40870 | Vaults:4 | oop
 40874 | Vaults:4 | Acquired 1072 gold pieces
 40910 | Vaults:4 | Reached skill level 9 in Dodging
 40926 | Vaults:4 | Reached XP level 21. HP: 224/224 MP: 21/21
 41212 | Vaults:4 | Noticed Aizul
 41220 | Vaults:4 | Killed Aizul
 41221 | Vaults:4 | Reached skill level 12 in Dodging
 41579 | Vaults:4 | Identified the +5 spear of Pubrej {holy, Fragile Will+
                  | rCorr Int+3}
 41925 | Crypt:1  | Entered Level 1 of the Crypt
 42215 | Crypt:1  | Noticed Margery
 42224 | Crypt:1  | Killed Margery
 42407 | Crypt:1  | Noticed Jory
 42415 | Crypt:1  | Killed Jory
 42801 | Crypt:2  | Noticed Boris
 42831 | Crypt:2  | Killed Boris
 43558 | Crypt:3  | Entered Level 3 of the Crypt
 43609 | Crypt:3  | Reached XP level 22. HP: 213/233 MP: 22/22
 43731 | Crypt:3  | Found a staircase to the Tomb.
 43927 | Crypt:3  | Reached skill level 27 in Axes
 43950 | Crypt:3  | Found a basalt altar of Yredelemnul.
 44170 | Crypt:3  | Identified the ring "Ureat" {rC- rN+ Slay+4}
 44170 | Crypt:3  | Identified the ring of Seuskop {rElec rN+ Int+3}
 44170 | Crypt:3  | Identified the ring "Wejily" {rN+ Dex+3 Stlth+}
 44175 | Crypt:3  | Identified the staff of Laceration {rElec rPois Int+2 Air}
 44229 | Crypt:3  | Noticed Boris
 44246 | Crypt:3  | Killed Boris
 44247 | Crypt:3  | Reached skill level 15 in Dodging
 44850 | Depths:1 | Entered Level 1 of the Depths
 44865 | Depths:1 | Found a gateway to Hell.
 45321 | Depths:1 | Found a snail-covered altar of Cheibriados.
 45675 | Depths:1 | Noticed a juggernaut
 45680 | Depths:1 | Killed a juggernaut
 45734 | Depths:1 | Noticed a juggernaut
 45734 | Depths:1 | Noticed a juggernaut
 45745 | Depths:1 | Killed a juggernaut
 45753 | Depths:1 | Killed a juggernaut
 45754 | Depths:1 | Reached skill level 18 in Dodging
 45796 | Depths:1 | Reached XP level 23. HP: 240/240 MP: 23/23
 45938 | Depths:2 | Identified the ring "Ynuorgh" {Ice SInv}
 45938 | Depths:2 | Noticed Josephina
 45947 | Depths:2 | Killed Josephina
 46195 | Depths:2 | Found a shimmering blue altar of Sif Muna.
 46196 | Depths:2 | Found a hide-covered altar of Uskayaw.
 46196 | Depths:2 | Found an ornate altar of the Wu Jian Council.
 46196 | Depths:2 | Found a sparkling altar of Nemelex Xobeh.
 46199 | Depths:2 | Found a one-way gate leading to the halls of Pandemonium.
 46273 | Depths:2 | Noticed Sojobo
 46289 | Depths:2 | Killed Sojobo
 46439 | Depths:2 | Found a broken altar of Ashenzari.
 46636 | Depths:2 | Found a one-way gateway to a ziggurat.
 46743 | Depths:2 | Acquired 602 gold pieces
 46784 | Depths:2 | Identified the staff "Ygapn" {rF+ Conj}
 46798 | Depths:2 | Got a levitating book
 46993 | Depths:3 | Found a one-way gate to the infinite horrors of the Abyss.
 46998 | Depths:3 | Identified the +4 battleaxe of Generosity {venom, rF+ rC+++
                  | rN+ Int-5}
 47066 | Depths:3 | Noticed Frederick
 47074 | Depths:3 | Killed Frederick
 47429 | Depths:3 | Found an ancient bone altar of Kikubaaqudgha.
 47719 | Depths:3 | Identified the +6 halberd of Tartarus {antimagic, rF+ SInv}
 48074 | Depths:4 | Entered Level 4 of the Depths
 48082 | Depths:4 | Reached skill level 21 in Dodging
 48128 | Depths:4 | Found a gate to the Realm of Zot.
 48376 | Depths:4 | Found Ovyhapp's Jewellery Shoppe.
 48383 | Depths:4 | Found Daskoz's Distillery.
 48397 | Depths:4 | Bought a potion of heal wounds for 70 gold pieces
 48403 | Depths:4 | Bought a +6 ring of strength for 756 gold pieces
 49066 | Elf:3    | Reached XP level 24. HP: 202/249 MP: 23/23
 49159 | Elf:3    | Got a parchment book
 49179 | Elf:3    | Got a sparkling book
 49188 | Elf:3    | Identified the +3 hand axe of the Manifold Blessings
                  | {freeze, *Slow rC+ Will+}
 49244 | Elf:3    | Found the +5 moon troll leather armour {Spirit, Regen++
                  | MP+5}
 49256 | Elf:3    | Identified the +3 rapier "Goblinslayer" {venom, Str+3
                  | Dex+3}
 49295 | Elf:3    | Identified the +12 spear of the Thing {spect, rF+}
 49300 | Elf:3    | Identified the ring "Jaxtukuf" {rPois rC+ Str+5}
 49729 | D:8      | Bought a scroll of enchant armour for 112 gold pieces
 49753 | D:8      | Bought a scroll of enchant armour for 150 gold pieces
 50035 | Vaults:5 | Entered Level 5 of the Vaults
 50044 | Vaults:5 | Reached skill level 24 in Dodging
 50117 | Vaults:5 | Found Omoc's Distillery.
 50150 | Vaults:5 | Identified the ring of the Sky {Fire rCorr Int+2}
 50150 | Vaults:5 | Noticed a dread lich
 50151 | Vaults:5 | Paralysed by a dread lich for 2 turns
 50155 | Vaults:5 | Killed a dread lich
 50188 | Vaults:5 | Found the +5 demon whip "Spellbinder" {antimagic, disrupt,
                  | Will+}
 50226 | Vaults:5 | Noticed an ancient lich
 50233 | Vaults:5 | Killed an ancient lich
 50244 | Vaults:5 | Identified the amulet "Yrchawon" {RegenMP rC- rN+++ Int+3}
 50250 | Vaults:5 | Reached XP level 25. HP: 257/257 MP: 23/23
 50334 | Vaults:5 | Identified the +0 chain mail of Autotheism {rC+ Str+3}
 50355 | Vaults:5 | Identified the amulet of Letred {Faith rN+ Regen+ Str+3}
 50357 | Vaults:5 | eh
 50632 | Vaults:5 | Got a silver rune of Zot
 50723 | Vaults:5 | Reached skill level 27 in Dodging
 50738 | Vaults:5 | Reached skill level 1 in Evocations
 50808 | Vaults:5 | Reached skill level 3 in Evocations
 50820 | Vaults:5 | Found Lefiju's Distillery.
 50893 | Vaults:5 | Identified the +7 storm dragon scales "Jafra" {rElec rC++
                  | Will++}
 51001 | Vaults:5 | Found Ecvaf's Distillery.
 51013 | Vaults:5 | Found Unaz's Magic Scroll Shop.
 51075 | Vaults:5 | Found the +5 scythe "Finisher" {speed, execute}
 51086 | Vaults:5 | too late
 51096 | Vaults:5 | Identified the +4 ring mail "Osujiuda" {Fly rElec Slay+3}
 51099 | Vaults:5 | Identified the ring "Faupytiz" {Wiz rN+++ Str+4 Dex-3}
 51365 | Vaults:5 | Bought 2 potions of mutation for 352 gold pieces
 51365 | Vaults:5 | Bought a potion of haste for 220 gold pieces
 51365 | Vaults:5 | Bought a potion of resistance for 220 gold pieces
 51379 | Vaults:5 | Bought a scroll of revelation for 75 gold pieces
 51390 | Vaults:5 | Bought a potion of haste for 210 gold pieces
 51390 | Vaults:5 | Bought a potion of haste for 210 gold pieces
 51390 | Vaults:5 | Bought a potion of haste for 210 gold pieces
 51390 | Vaults:5 | Bought a potion of heal wounds for 105 gold pieces
 51390 | Vaults:5 | Bought a potion of might for 84 gold pieces
 51458 | Vaults:5 | Bought a potion of cancellation for 120 gold pieces
 51458 | Vaults:5 | Bought a potion of resistance for 150 gold pieces
 51737 | Depths:4 | Bought a potion of mutation for 112 gold pieces
 51737 | Depths:4 | Bought a potion of haste for 140 gold pieces
 52025 | D:8      | Bought a potion of haste for 130 gold pieces
 52025 | D:8      | Bought a potion of might for 52 gold pieces
 52025 | D:8      | Bought a potion of might for 52 gold pieces
 52066 | D:8      | Bought a scroll of revelation for 112 gold pieces
 52089 | D:8      | Bought a scroll of revelation for 150 gold pieces
 52114 | D:8      | Bought a potion of might for 52 gold pieces
 52292 | D:1      | Bought a potion of might for 48 gold pieces
 52691 | Zot:1    | Entered Level 1 of the Realm of Zot
 52749 | Zot:2    | Reached skill level 6 in Evocations
 52836 | Zot:5    | Entered Level 5 of the Realm of Zot
 52836 | Zot:5    | Noticed an orb of fire
 52837 | Zot:5    | hi
 52841 | Zot:5    | Gained mutation: You are frail. (-10% HP) [an orb of fire]
 52843 | Zot:5    | Killed an orb of fire
 52852 | Zot:4    | Lost mutation: You are frail. (-10% HP) [potion of
                  | mutation]
 52852 | Zot:4    | Lost mutation: Your spells are a little harder to cast, but
                  | a little more powerful. [potion of mutation]
 52852 | Zot:4    | Gained mutation: You are strong-willed. (Will+) [potion of
                  | mutation]
 52852 | Zot:4    | Gained mutation: You are partially covered in iridescent
                  | scales. (AC +2) [potion of mutation]
 52968 | Zot:5    | Noticed a Killer Klown
 52970 | Zot:5    | Noticed an electric golem
 52971 | Zot:5    | Noticed an orb of fire
 52972 | Zot:5    | Noticed a dread lich
 52972 | Zot:5    | Noticed an orb of fire
 52972 | Zot:5    | Noticed an orb of fire
 52973 | Zot:5    | Noticed a Killer Klown
 52975 | Zot:5    | Killed an orb of fire
 52976 | Zot:5    | Reached skill level 9 in Evocations
 52979 | Zot:5    | Killed a dread lich
 52979 | Zot:5    | Gained mutation: Your body often deteriorates upon taking
                  | damage. [an orb of fire]
 52980 | Zot:5    | Gained mutation: You do not regenerate when monsters are
                  | visible. [an orb of fire]
 52981 | Zot:5    | Killed an orb of fire
 52983 | Zot:5    | Killed an orb of fire
 53008 | Zot:5    | Got the Orb of Zot
 53511 | D:$      | Escaped with the Orb!

Levels and vault maps discovered:
D:1:      psy_arrival_radial01, layout_rooms, serial_shops, shop
D:2:      layout_basic, shapermc_ecumenical_altar_mp_urbaneastern, serial_shops,
          nicolae_shop_bloodbath_and_beyond
D:3:      layout_basic, lemuel_doored_altar, serial_forest,
          infiniplex_forest_3_way, infiniplex_forest_straight_3,
          infiniplex_forest_clump_large, infiniplex_forest_clump_tiny,
          infiniplex_forest_lined_2, infiniplex_forest_clump_double,
          infiniplex_forest_lined_3, infiniplex_forest_diagonal
D:4:      layout_loops_cross, cheibrodos_sewer_entry_drain
D:5:      layout_basic, kennysheep_mini, temple_fountains, serial_undead,
          serial_undead_c, serial_undead_e, serial_undead_b, serial_undead_d,
          minmay_misc_feat_x, roderic_nine_men_s_morris
D:6:      layout_loops_ring, uniq_crazy_yiuf_cottage
D:7:      layout_loops_ring, tso_altar, general_overflow_altar,
          amethyst_overflow_temple_binary, chequers_serial_rivers_room_b
D:8:      layout_layer_cave, nicolae_overflow_hidden_temple,
          kennysheep_mini_moat, mainiacjoe_overflow_surrounded_room,
          hellmonk_lair_entry_icy, serial_shops, shop_fountains,
          nicolae_shop_tiny_real_fake_doors, nicolae_shop_overgrown_old_shop,
          shop, nicolae_shop_tiny_statue_garden, nicolae_specific_store,
          hangedman_glass_teeth, corexii_leaking_fountain,
          hangedman_abyss_or_decor_stabs, minivault_22
D:9:      layout_layer_cave, amcnicky_altar_gilded
D:10:     layout_basic, lemuel_crystal_altar, mainiacjoe_overflow_alcove_4
D:11:     layout_cave_pods, minmay_orc_entry_temple_small, minmay_rotating_lava
D:12:     layout_irregular_city, serial_shops, nicolae_shop_scrapyard,
          minmay_quadrilaterals
D:13:     layout_loops_corners, hangedman_corner_corridor
D:14:     layout_stronghold, erik_vaults_1
D:15:     gammafunk_depths_entry_grave, layout_cave_pools,
          minmay_misc_feat_square
Temple:   compressed_dpeg_circular_temple
Lair:1:   layout_regular_city
Lair:2:   layout_cave_pods, minmay_swamp_entry_swarm, dummy_spider_entry,
          serial_bayou_shore_a, uniq_nergalle
Lair:3:   layout_long_grid, uniq_sonja
Lair:4:   layout_cave_pods, slime_entry_2, ebering_ghost_reflecting_pool
Lair:5:   guppyfry_lair_end_dragon, layout_regular_city, wormcave,
          grunt_megastairs_2, serial_bayou_shore_b
Swamp:1:  layout_falls_marsh, nicolae_swamp_bean_lake,
          infiniplex_staircase_pool_2
Swamp:2:  layout_basic_swamp, evilmike_swamp_ruin_house_2
Swamp:3:  layout_basic_swamp, gammafunk_ghost_hydra_chop, serial_swamp_ruin,
          evilmike_swamp_ruin_house_5, evilmike_swamp_ruin_rubble_1
Swamp:4:  byrel_swamp_growth_death_and_undeath, layout_basic_swamp,
          uniq_bai_suzhen
Spider:1: layout_chambers
Spider:2: layout_spider_delve
Spider:3: layout_spider_delve
Spider:4: johnstein_spider_rune_arachne_lair, drop_trap, uniq_louise
Orc:1:    layout_caves, uniq_maurice
Orc:2:    grunt_orc_cross, layout_caves, gammafunk_ghost_wrathful_warriors,
          nicolae_volcano_entry_batcave, nicolae_shop_gadgets
Elf:1:    layout_onion_city, orc_legates, nicolae_elf_stone_circles
Elf:2:    nicolae_elf_blades_splatter_lattice [nicolae_blade_little_rooms],
          layout_geoelf_diagonals, serial_shops, shop, uniq_nikola, uniq_norris
Elf:3:    minmay_elf_hall_hex, layout_onion_city
Vaults:1: v_misc_5, v_alt_pattern_2, vaults_room_hallway,
          nicolae_vaults_statue_guard, nicolae_vaults_closet_pinwheel_4,
          nicolae_vaults_little_squares_1, v_misc_3,
          nicolae_vaults_stepped_doors, nicolae_vaults_circle_grid_a, v_misc_11,
          layout_vaults_omnibox
Vaults:2: infiniplex_enter_wizlab_water, nicolae_vaults_door_testing_chamber,
          vaults_room_large_hall, nicolae_vaults_closet_pinwheel_1,
          nicolae_vaults_ring_of_whatevers, nicolae_vaults_tetromino_Z_2,
          nicolae_vaults_trapezoid_3, vaults_dpeg_cross, layout_vaults_quadrants
Vaults:3: nicolae_vaults_more_shelving_1, v_misc_4,
          nicolae_vaults_specimen_jars, v_misc_8, st_smaller_cells, v_misc_2,
          v_rooms_6, v_misc_3, minmay_crypt_entry_vampire_xt, v_alt_pattern_2,
          hangedman_vaults_stretched_pinwheel, nicolae_vaults_little_squares_4,
          vaults_dpeg_emergency_exit, vaults_dpeg_diagonal, layout_vaults_ring,
          uniq_saint_roka
Vaults:4: vaults_standard_mumra_lines, nicolae_vaults_tetromino_T_2,
          nicolae_vaults_big_ls, grunt_vaults_trifunnel,
          nicolae_vaults_offset_grid_hallway_2, nicolae_vaults_wrenched,
          sword_in_stone, nicolae_vaults_house_1,
          nicolae_vaults_doubleplus_tesselated,
          nicolae_vaults_storage_closets_1, nicolae_vaults_tetromino_Z_1,
          vaults_dpeg_ring, layout_vaults_big_cross, serial_shops,
          bzr_entry_water, uniq_aizul
Vaults:5: serial_shops
Crypt:1:  layout_regular_city, minmay_misc_feat_five, grunt_megastairs_4,
          uniq_margery, uniq_jory
Crypt:2:  hangedman_screamer, layout_misc_corridors,
          roderic_lattice_octagonal_star
Crypt:3:  church_of_pain_bobbens, layout_chaotic_city,
          tomb_entry_forgotten_bobbens, st_stairs_14,
          amcnicky_mini_rare_corridor_liquid, minivault_25
Depths:1: minmay_shrinking_squares, layout_small_grid, hell_entry,
          kennysheep_doodads, minmay_misc_feat_tiny, grunt_ministairs_4,
          slow_altar_1
Depths:2: minmay_the_grid_octo_tiled_octocenter [minmay_the_grid_octo_shrine,
          minmay_the_grid_octo_vomiting_pacman,
          minmay_the_grid_octo_fat_diamond, minmay_the_grid_octo_clover,
          minmay_the_grid_octo_prize_single_spiral,
          minmay_the_grid_square_5x5_three_walls,
          minmay_the_grid_square_5x5_seven,
          minmay_the_grid_square_5x5_trominoes,
          minmay_the_grid_square_5x5_almost_minimal], layout_honeycomb,
          enter_ziggurat_a, hell_entry, pan_entry, evilmike_ruin_ashenzari,
          uniq_josephina, uniq_sojobo
Depths:3: minmay_inner_zag, layout_gridville, hell_entry, abyss_entry,
          nicolae_kikubaaqudgha_miasma_corner, serial_co_window_serial,
          co_window_corner_a, co_window_paths_a, co_window_corner_a,
          co_window_corner_a, co_window_corner_a, co_window_corner_a,
          co_window_corner_b, co_window_broadway_a, co_window_2corner,
          co_window_of_opportunity_b, co_window_4corner_a, glass_columns_b,
          glass_columns_b, glass_columns_b, glass_columns_b, glass_columns_a,
          uniq_frederick
Depths:4: grunt_twist_and_shout, layout_cave_pools, hell_entry, minmay_shoptagon
Zot:1:    layout_misc_corridors
Zot:2:    layout_twisted_circle
Zot:3:    layout_gridlike, grunt_megastairs_1
Zot:4:    layout_misc_corridors, uniq_grunn
Zot:5:    layout_misc_corridors

Action                     |  1- 3 |  4- 6 |  7- 9 | 10-12 | 13-15 | 16-18 | 19-21 | 22-24 | 25-27 || total
---------------------------+-------+-------+-------+-------+-------+-------+-------+-------+-------++-------
  Melee: Mace              |    47 |       |       |       |       |       |       |       |       ||    47
         Headbutt          |     5 |     8 |    21 |    48 |   173 |   158 |   258 |   284 |    75 ||  1030
         War axe           |    11 |       |       |       |       |       |       |       |       ||    11
         Executioner's axe |    32 |   127 |   184 |   360 |   831 |   919 |  1061 |   739 |   226 ||  4479
         Battleaxe         |       |       |       |       |       |       |       |   226 |     4 ||   230
  Throw: Throwing net      |       |       |     1 |     2 |       |       |       |       |       ||     3
         Dart              |       |       |       |       |       |       |     5 |       |       ||     5
 Invoke: Fiery Armour      |       |       |       |     3 |       |       |       |       |       ||     3
         Serpent's Lash    |       |       |       |       |     1 |     9 |     4 |     3 |     1 ||    18
         Heavenly Storm    |       |       |       |       |       |     3 |     1 |     2 |     2 ||     8
Ability: Lunge             |       |       |       |       |    88 |   103 |   134 |    92 |    28 ||   445
         Whirlwind         |       |       |       |       |    22 |    98 |    77 |   190 |    47 ||   434
         Wall Jump         |       |       |       |       |       |     1 |       |       |       ||     1
  Evoke: Wand              |       |       |       |     5 |     6 |     3 |       |       |     2 ||    16
    Use: Scroll            |     5 |     5 |     8 |     5 |     5 |     2 |    12 |    22 |     5 ||    69
         Potion            |       |       |       |       |     4 |     6 |     4 |     2 |    14 ||    30
   Stab: Held in net/web   |       |       |     1 |     1 |       |       |       |       |       ||     2
         Paralysed         |       |       |       |     4 |       |       |       |       |       ||     4
         Confused          |       |       |       |       |     1 |       |       |       |       ||     1
         Sleeping          |       |       |       |       |       |     1 |    12 |       |       ||    13
         Distracted        |       |       |       |       |       |       |     2 |     1 |       ||     3
 Armour: Scale mail        |    47 |       |       |       |       |       |       |       |       ||    47
         Robe              |     3 |       |       |       |       |       |       |       |       ||     3
         Chain mail        |    32 |   113 |   115 |       |       |       |       |       |       ||   260
         Plate armour      |       |       |    85 |   388 |   463 |   141 |       |       |       ||  1077
         Shadow dragon sca |       |       |       |       |       |   540 |   598 |   368 |       ||  1506
         Quicksilver drago |       |       |       |       |       |       |       |    20 |       ||    20
         Crystal plate arm |       |       |       |       |       |       |       |   102 |   125 ||   227
  Dodge: Dodged            |    51 |    81 |   145 |   193 |   422 |   494 |   418 |   536 |   153 ||  2493
  Block: Other             |       |       |       |       |       |   127 |    65 |       |       ||   192
         Reflection        |       |       |       |       |       |     7 |    10 |       |       ||    17
